Map: Overgrown Facility

Players

LOADBLASTER - Winner!

  • Race: Terran Terran
  • League: Master
  • Spawn Location: 1:00

PureLegacy - Winner!

  • Race: Terran Terran
  • Spawn Location: 3:00

KoB

  • Race: Protoss Protoss
  • Spawn Location: 9:00

Target

  • Race: Zerg Zerg
  • League: Master
  • Spawn Location: 7:00

VOD

Have the link to the VOD?

Description

Time

  • Played on: Nov. 26, 2018, 2:21 p.m.
  • Length: 8:29
Show
View Real Time Build Order
Export as new Build Order

LOADBLASTER Terran - Winner!

Build Orders:  

Get SALT Encoding   

  12  0:00  SCV  
  13  0:13  SCV  
  14  0:18  Supply Depot  
  14  0:25  SCV  
  15  0:31  Refinery  
  15  0:39  SCV  
  16  0:51  Barracks, SCV  
  17  1:03  SCV  
  18  1:09  Barracks  
  18  1:16  SCV  
  19  1:38  Barracks Tech Lab  
  19  1:39  Orbital Command  
  19  1:42  Supply Depot  
  19  1:56  Barracks Tech Lab  
  19  1:57  Concussive Shells  
  19  1:58  Marauder  
  21  2:06  SCV  
  22  2:17  Marauder  
  22  2:19  Marauder  
  26  2:37  Command Center  
  26  2:41  Marauder  
  28  2:49  Supply Depot  
  28  2:52  Marauder  
  30  2:59  Stimpack  
  30  3:03  SCV  
  31  3:09  Engineering Bay  
  31  3:16  Marauder  
  33  3:31  Marauder  
  33  3:33  SCV  
  34  3:40  Barracks  
  34  3:42  Marauder  
  34  3:45  SCV  
  37  3:54  Orbital Command  
  37  3:57  SCV  
  37  4:00  Marauder  
  40  4:09  SCV  
  41  4:11  Marauder  
  43  4:21  SCV x2, Marauder  
  47  4:26  Barracks Reactor  
  47  4:31  Refinery  
  47  4:33  SCV x2  
  47  4:36  Supply Depot  
  49  4:42  Marauder  
  49  4:45  SCV x2  
  53  4:57  SCV  
  53  4:58  Refinery, SCV, Marauder  
  57  5:02  Factory  
  57  5:07  Supply Depot  
  57  5:09  Marine, SCV  
  57  5:13  SCV  
  60  5:16  Marine x2  
  62  5:26  Supply Depot  
  62  5:29  Marine x2, SCV  
  62  5:32  SCV  
  62  5:34  Marine, Combat Shield  
  67  5:41  SCV  
  67  5:42  Marine  
  69  5:44  SCV  
  69  5:47  Terran Infantry Weapons Level 1  
  70  5:50  Starport  
  70  5:52  Factory Reactor  
  70  5:53  SCV  
  71  5:58  Supply Depot  
  71  5:59  Marine  
  71  6:00  Marauder  
  71  6:03  Marine x2  
  76  6:10  Supply Depot  
  76  6:17  Marine  
  77  6:21  Marine, Marauder  
  77  6:22  Marine  
  81  6:34  Command Center  
  81  6:35  Factory Reactor  
  81  6:38  Medivac  
  81  6:39  Medivac, Marauder  
  87  6:43  SCV  
  87  6:53  Marine  
  87  6:54  Marauder  
  90  6:57  Command Center  
  90  6:58  Supply Depot  
  90  6:59  Supply Depot  
  90  7:01  Marine  
  90  7:03  Marine  
  92  7:11  Marine  
  93  7:18  Medivac  
  91  7:24  Marine, Marauder  
  91  7:26  Barracks  
  91  7:28  Barracks  
  91  7:29  Marine  
  97  7:30  Marauder  
  97  7:31  Widow Mine  
  99  7:41  Supply Depot, Marine  
  99  7:42  SCV  
  99  7:43  SCV  
  102  7:55  SCV x2  
  102  7:58  Marine, Marauder  
  102  8:01  Marine  
  102  8:02  Marauder  
  85  8:07  SCV x2  
  83  8:15  Barracks Tech Lab  
  83  8:18  Barracks Reactor  
Show
View Real Time Build Order
Export as new Build Order

PureLegacy Terran - Winner!

Build Orders: Reaper Expand 

Get SALT Encoding   

  12  0:02  SCV  
  13  0:14  SCV  
  13  0:18  Supply Depot  
  14  0:26  SCV  
  15  0:40  SCV  
  15  0:42  Barracks  
  16  0:46  Refinery  
  16  0:52  SCV  
  17  1:04  SCV  
  18  1:16  SCV  
  19  1:30  Reaper, Orbital Command  
  20  1:44  Command Center  
  20  1:53  Supply Depot  
  20  1:56  SCV  
  21  2:02  Barracks Reactor  
  21  2:08  SCV  
  21  2:11  Barracks  
  22  2:21  Barracks, SCV  
  23  2:33  Supply Depot, SCV  
  24  2:39  Marine x2  
  26  2:45  SCV  
  27  2:57  Marine x2  
  29  3:01  Barracks Tech Lab  
  29  3:10  Marine  
  29  3:11  Orbital Command  
  29  3:12  SCV  
  31  3:15  Marine x2  
  31  3:16  Refinery  
  31  3:19  Marine, Stimpack  
  34  3:24  SCV  
  35  3:36  SCV  
  35  3:37  Marine x4  
  40  3:48  SCV x2  
  41  3:53  Factory, Engineering Bay  
  42  3:58  Marine x2  
  42  4:00  SCV  
  42  4:01  Marine  
  46  4:03  SCV  
  46  4:07  Supply Depot  
  47  4:13  SCV  
  47  4:15  SCV  
  49  4:25  Marine x3  
  49  4:27  Marine  
  49  4:28  SCV  
  49  4:29  Terran Infantry Weapons Level 1, SCV  
  55  4:41  SCV x2  
  55  4:43  Factory Reactor, Marine x2, Starport  
  58  4:45  Supply Depot  
  58  4:51  Barracks Reactor  
  58  4:53  SCV x2  
  58  4:57  Supply Depot  
  60  5:01  Barracks  
  60  5:03  Barracks  
  60  5:05  SCV x2  
  62  5:09  Supply Depot  
  62  5:11  Refinery  
  62  5:12  Refinery  
  62  5:19  SCV x2  
  64  5:24  Supply Depot, Marine  
  64  5:25  Marine x2  
  64  5:27  Medivac x2  
  71  5:34  SCV  
  71  5:35  SCV  
  73  5:40  Supply Depot, Combat Shield  
  73  5:47  Marine x5  
  78  5:51  Barracks Reactor  
  78  5:52  Supply Depot, Barracks Reactor  
  78  5:55  SCV  
  79  5:58  Factory Tech Lab  
  79  6:05  Supply Depot  
  79  6:17  Marine x2  
  79  6:18  Marine x3  
  84  6:21  Medivac  
  84  6:22  Medivac  
  88  6:27  Marine x2  
  88  6:30  Marine x2  
  88  6:31  Siege Tank  
  95  6:33  Terran Infantry Armor Level 1  
  95  6:35  Supply Depot, Marine  
  95  6:36  Supply Depot, Marine  
  95  6:37  Marine  
  95  6:39  Marine  
  99  6:44  Marine  
  99  6:45  Marine x2  
  102  6:48  Marine x2  
  102  6:53  Marine  
  105  7:00  Medivac x2  
  109  7:03  Marine x5, Siege Tank  
  109  7:06  Marine x2  
  119  7:13  Supply Depot  
  114  7:33  Marine x2  
  113  7:38  Medivac x2  
  113  7:39  Marine x4, Siege Tank  
  113  7:40  Marine  
  125  7:53  Marine  
  125  7:54  Marine  
  124  7:59  Marine  
  124  8:00  Command Center  
  125  8:07  Marine x5  
  125  8:12  Supply Depot x2  
Show
View Real Time Build Order
Export as new Build Order

KoB Protoss 

Build Orders:  

Get SALT Encoding   

  12  0:00  Probe  
  13  0:13  Probe  
  14  0:19  Pylon  
  14  0:25  Probe  
  15  0:34  Probe  
  15  0:39  Gateway  
  16  0:43  Probe  
  17  0:50  Assimilator  
  17  0:51  Probe  
  18  1:03  Probe  
  19  1:11  Probe  
  20  1:19  Probe  
  21  1:26  Cybernetics Core  
  21  1:30  Probe  
  22  1:45  Nexus  
  22  1:52  Pylon  
  22  1:58  Assimilator  
  22  2:01  Stalker  
  22  2:08  Warp Gate  
  22  2:14  Probe  
  24  2:26  Probe  
  25  2:30  Adept  
  27  2:38  Probe  
  28  2:45  Robotics Facility  
  28  2:48  Stalker  
  28  2:51  Probe  
  31  3:03  Probe  
  32  3:17  Adept  
  32  3:21  Probe  
  32  3:22  Probe  
  33  3:35  Probe  
  33  3:39  Immortal  
  37  3:45  Probe  
  36  3:49  Probe  
  37  4:01  Probe  
  37  4:04  Probe  
  37  4:09  Probe  
  39  4:10  Robotics Bay  
  39  4:16  Stalker, Probe  
  43  4:18  Observer  
  43  4:21  Gateway  
  43  4:23  Probe  
  44  4:24  Gateway, Pylon  
  44  4:25  Probe  
  46  4:38  Probe x2  
  46  4:45  Immortal  
  52  4:50  Probe x2, Pylon  
  54  5:02  Assimilator, Pylon  
  54  5:05  Assimilator  
  54  5:08  Probe x2  
  56  5:20  Probe x2  
  58  5:24  Observer  
  58  5:28  Probe x2  
  61  5:35  Stalker  
  61  5:36  Stalker, Probe x2  
  67  5:45  Pylon  
  67  5:49  Extended Thermal Lance  
  67  5:58  Pylon  
  67  5:59  Pylon  
  67  6:02  Colossus  
  73  6:08  Pylon  
  73  6:16  Twilight Council  
  73  6:18  Adept x2  
  75  6:24  Sentry  
  79  6:44  Nexus  
  79  6:45  Probe  
  80  6:53  Pylon  
  80  6:55  Adept x3  
  80  6:58  Pylon  
  86  7:06  Colossus  
  91  7:22  Adept x3  
  93  7:27  Gateway  
  93  7:29  Gateway, Probe  
  99  7:30  Probe, Pylon  
  99  7:45  Adept  
  99  7:51  Pylon  
  101  7:53  Pylon  
  91  8:05  Adept x3  
Show
View Real Time Build Order
Export as new Build Order

Target Zerg 

Build Orders: Hatch First 

Get SALT Encoding   

  12  0:01  Drone  
  13  0:12  Overlord  
  13  0:18  Drone  
  14  0:30  Drone x2  
  14  0:34  Drone  
  17  0:54  Hatchery  
  17  0:55  Drone  
  17  0:58  Drone  
  18  1:10  Drone  
  18  1:11  Extractor  
  18  1:17  Spawning Pool  
  17  1:21  Drone  
  18  1:41  Hatchery  
  18  1:45  Drone  
  18  1:48  Drone  
  19  2:01  Drone  
  20  2:02  Drone  
  20  2:06  Queen  
  23  2:14  Metabolic Boost  
  23  2:22  Queen  
  23  2:26  Zergling x2  
  23  2:28  Zergling x2  
  27  2:34  Overlord  
  27  2:38  Drone  
  27  2:52  Queen  
  27  2:53  Drone x2  
  31  3:03  Zergling x8  
  34  3:20  Queen  
  34  3:26  Queen  
  37  3:34  Overlord x2  
  37  3:35  Drone  
  37  3:36  Drone x2  
  40  3:43  Drone  
  41  3:53  Overlord  
  41  3:58  Zergling x12  
  41  3:59  Zergling x2  
  48  4:09  Drone x2  
  50  4:13  Overlord  
  50  4:21  Drone  
  51  4:27  Drone  
  51  4:28  Drone x4  
  51  4:29  Extractor  
  54  4:33  Evolution Chamber x2  
  52  4:43  Drone  
  52  4:44  Drone x6  
  59  4:48  Extractor  
  59  4:49  Drone  
  59  4:50  Baneling Nest, Drone, Extractor  
  58  4:56  Overlord  
  58  4:59  Drone x3  
  61  5:18  Zergling x20  
  61  5:19  Zergling x4  
  73  5:23  Lair  
  73  5:28  Drone  
  73  5:29  Drone  
  73  5:31  Drone x3  
  73  5:33  Drone x2  
  80  5:36  Drone  
  80  5:41  Overlord x2  
  81  5:57  Overlord x2  
  81  6:00  Zerg Melee Weapons Level 1  
  81  6:05  Zerg Ground Armor Level 1  
  81  6:06  Overlord  
  81  6:07  Overlord  
  81  6:09  Drone  
  81  6:10  Zergling x2  
  81  6:11  Zergling x12  
  89  6:21  Baneling x7  
  89  6:24  Zergling x10  
  91  6:32  Extractor  
  88  6:33  Extractor  
  87  6:45  Hatchery  
  84  6:54  Drone x4, Spire  
  84  6:55  Drone x7  
  84  6:58  Centrifical Hooks  
  93  7:08  Drone x3  
  96  7:11  Drone  
  96  7:12  Overlord x2  
  96  7:13  Zergling x2  
  96  7:14  Zergling x2  
  88  7:34  Zergling x8  
  88  7:35  Zergling x18  
  90  7:37  Baneling x3  
  90  7:47  Zergling x6  
  79  7:58  Zergling x2  
  79  7:59  Zergling x14  
  86  8:06  Zergling x2  
  86  8:08  Baneling  
  86  8:09  Baneling x17  
Tags
 
Add a new tag
Caveats
  • Supply blocks, unpowered buildings, or Contaminate may cause inaccurate times.
  • Supply counts are checked every 10 seconds.